 Dungeon Crawl Stone Soup version 0.26.1-16-g4e020e15dc (webtiles) character file.

Game seed: 819407101074857372

83 Froggeryz the Insei (level 4, -2/29 HPs)
             Began as an Octopode Transmuter on Jan 28, 2023.
             Succumbed to an adder's poison
             ... on level 2 of the Dungeon.
             The game lasted 00:01:54 (2472 turns).

Froggeryz the Insei (Octopode Transmuter)           Turns: 2472, Time: 00:01:54

Health: -2/29      AC:  1    Str:  9    XL:     4   Next: 44%
Magic:  7/7        EV: 13    Int: 15    God:
Gold:   115        SH:  0    Dex: 13    Spells: 6/7 levels left

rFire    . . .     SeeInvis .     - Unarmed
rCold    . . .     Faith    .   (no shield)
rNeg     . . .     Spirit   .   (helmet restricted)
rPois    .         Reflect  .   i - amulet of magic regeneration
rElec    .         Harm     .   (no ring)
rCorr    .         Rampage  .   (no ring)
Will     .....                  (no ring)
Stlth    +++.......             (no ring)
HPRegen  0.09/turn              (no ring)
MPRegen  0.35/turn              (no ring)
                                (no ring)
                                (no ring)

@: lethally poisoned (-2 -> -37), attractive, hasted, very quick
A: almost no armour, stealthy swim, amphibious, 8 rings, constrict 8, camouflage
1, gelatinous body 1
a: no special abilities


You were on level 2 of the Dungeon.
You visited 1 branch of the dungeon, and saw 2 of its levels.

You collected 115 gold pieces.

Inventory:

Missiles
 b - 11 boomerangs
 k - 22 poisoned darts (quivered)
Jewellery
 i - an amulet of magic regeneration (around mantle)
Scrolls
 a - 2 scrolls of identify {unknown}
 c - a scroll of enchant armour {unknown}
 d - a scroll of fog {unknown}
 g - a scroll of remove curse {unknown}
 h - a scroll of random uselessness {unknown}
 j - a scroll of noise {unknown}
 l - a scroll of teleportation {unknown}
 m - a scroll of enchant weapon {unknown}
 n - a scroll of amnesia {unknown}
Potions
 o - a potion of brilliance {unknown}
 p - a potion of curing {unknown}


   Skills:
 + Level 2.1 Fighting
 - Level 2.0 Dodging
 + Level 2.6 Stealth
 * Level 4.2 Unarmed Combat
 - Level 2.0 Spellcasting
 - Level 2.0 Transmutations


You had 6 spell levels left.
You knew the following spells:

 Your Spells              Type           Power        Failure   Level
a - Beastly Appendage     Tmut           14%          10%         1

Your spell library contained the following spells:

 Spells                   Type           Power        Failure   Level
 Wereblood                Tmut           7%           14%         2
 Spider Form              Tmut/Pois      2%           41%         3
 Ice Form                 Ice/Tmut       4%           82%         4
 Blade Hands              Tmut           3%           95%         5


Dungeon Overview and Level Annotations

Branches:
Dungeon (2/15)

Altars:


Innate Abilities, Weirdness & Mutations

You cannot wear most types of armour.
You are very stealthy in the water. (Stealth+)
You are amphibious.
You can wear up to eight rings at the same time.
You can use your tentacles to constrict eight enemies at once.
Your skin changes colour to match your surroundings (Stealth+).
Your rubbery body absorbs attacks. (AC +1, EV +1)


Message History

The adder bites you.
* * * LOW HITPOINT WARNING * * *
You are too injured to fight recklessly!
You are too injured to fight recklessly!
You are too injured to fight recklessly!
There is a lethal amount of poison in your body!
There is a lethal amount of poison in your body!
You release your grip on the orc.
* * * LOW HITPOINT WARNING * * *
You feel sick.
It was a potion of attraction.
You feel attractive to monsters.
* * * LOW HITPOINT WARNING * * *
You feel very sick. The adder bites you.
* * * LOW HITPOINT WARNING * * *
You are more poisoned.
The adder poisons you! The adder closely misses you.
It was a potion of haste.
You feel yourself speed up.
You die...

######### ##.# ### #.......#
.#.. .... . #.......# ..###....
#.#.......# ...#....
..........# ....... #........#
....### #.....o.?#
†.....######.. ##S#
..............##@.#
..............#..##
.....##.........## .....#
........##### .....#
............##
.....####........#..#
..................#.####
.....#..##.............#
.......................########


You could see an adder and an orc.

Vanquished Creatures
  An orc wizard (D:1)
  An ooze (D:1)
  2 worms (D:2)
  A dart slug (D:1)
  3 leopard geckos (D:1)
  3 orcs
  5 bats
  A giant cockroach (D:1)
  8 hobgoblins
  2 frilled lizards
  4 goblins
  5 kobolds
  4 rats
40 creatures vanquished.

Notes
Turn   | Place    | Note
-------+----------+-------------------------------------------
     0 | D:1      | Froggeryz the Octopode Transmuter began the quest for the
                  | Orb.
     0 | D:1      | Reached XP level 1. HP: 13/13 MP: 3/3
   116 | D:1      | Reached skill level 1 in Stealth
   116 | D:1      | Reached XP level 2. HP: 5/18 MP: 5/5
   739 | D:1      | Reached XP level 3. HP: 18/23 MP: 6/6
  1697 | D:1      | Reached skill level 4 in Unarmed Combat
  1697 | D:1      | Reached XP level 4. HP: 5/29 MP: 7/7
  2471 | D:2      | HP: 1/29 [adder (2)]
  2472 | D:2      | Succumbed to an adder's poison

Illustrated notes

Levels and vault maps discovered:
D:1:      wander_arrival_estate, layout_loops_ring
D:2:      layout_rooms, lemuel_coloured_pillars_altar, minmay_rat_gold_closets

Skill      XL: |  1  2  3 |
---------------+----------+-----
Stealth        | 1 2 |  2.6
Fighting       | 2 |  2.1
Unarmed Combat | 4 |  4.2
Dodging        | |  2.0
Spellcasting   | |  2.0
Transmutations | |  2.0

Action                   |  1- 3 |  4- 6 || total
-------------------------+-------+-------++-------
Melee: Unarmed           |    86 |    29 ||   115
       Constrict         |    24 |     6 ||    30
       Tentacles         |    15 |     5 ||    20
  Use: Potion            |       |     2 ||     2
 Stab: Sleeping          |     8 |     4 ||    12
Armor: Skin              |    11 |     2 ||    13
Dodge: Dodged            |    44 |    14 ||    58
